 Dungeon Crawl Stone Soup version 0.24.0-41-g2ae2f7f1be (webtiles) character file.

Game seed: 14442079734122525325, levelgen mode: deterministic

90 Bombadil the Grave Robber (level 4, -15/30 HPs)
             Began as a Vampire Necromancer on Dec 13, 2019.
             Killed from afar by an ogre (41 damage)
             ... with an exploding inner flame
             ... hexed by the player character
             ... on level 4 of the Dungeon.
             The game lasted 00:04:48 (1421 turns).

Bombadil the Grave Robber (Vampire Necromancer)     Turns: 1421, Time: 00:04:49

Health: -15/30     AC:  3    Str:  7    XL:     4   Next: 32%
Magic:  0/8        EV: 19    Int: 18    God:
Gold:   35         SH:  0    Dex: 19    Spells: 4/9 levels left

rFire    . . .     SeeInvis +   (no weapon)
rCold    . . .     Gourm    .   (no shield)
rNeg     . . .     Faith    .   a - +1 robe
rPois    .         Spirit   .   (no helmet)
rElec    .         Reflect  .   (no cloak)
rCorr    .         Harm     .   (no gloves)
MR       .....                  (no boots)
Stlth    ++++......             (no amulet)
HPRegen  0.30/turn              (no ring)
MPRegen  0.11/turn              (no ring)

@: agile, lethally poisoned (-15 -> -15), regenerating quickly, hasted, very
quick
A: no food, fangs 3, see invisible, unbreathing
a: Exsanguinate


You were on level 4 of the Dungeon.
You were alive.

You visited 1 branch of the dungeon, and saw 4 of its levels.

You collected 35 gold pieces.

Inventory:

Missiles
 c - 7 atropa-tipped darts (quivered)
Armour
 a - a +1 robe (worn)
Jewellery
 k - a +2 ring of strength {unknown}
Scrolls
 e - a scroll of remove curse
Potions
 d - a potion of curing


   Skills:
 + Level 2.8 Dodging
 + Level 3.0 Stealth
 + Level 3.0 Spellcasting
 + Level 5.4 Necromancy


You had 4 spell levels left.
You knew the following spells:

 Your Spells              Type           Power        Failure   Level  Hunger
a - Pain                  Necr           ###.         1%          1    N/A
b - Animate Skeleton      Necr           N/A          1%          1    N/A
c - Regeneration          Chrm/Necr      ##........   16%         3    N/A

Your spell library contained the following spells:

 Spells                   Type           Power        Failure   Level  Hunger
 Vampiric Draining        Necr           ###.......   5%          3    N/A
 Animate Dead             Necr           N/A          17%         4    N/A

Dungeon Overview and Level Annotations

Branches:
Dungeon (4/15)
 Temple: D:4-7

Altars:

Annotations:
D:2 Sigmund
D:3 Ijyb


Innate Abilities, Weirdness & Mutations

You do not eat.
Your natural rate of healing is unusually fast.
You have razor-sharp teeth.
You have supernaturally acute eyesight. (SInv)
You can survive without breathing.


Message History

Press: ? - help, Shift-Dir - straight line, f/p - adder
Aim: an adder (black smoke, heavily wounded, inner flame, chance to defeat MR: 86%)
The adder writhes in agony.
Casting: Pain (safe; 1% risk of failure)
Confirm with . or Enter, or press ? or * to list all spells.
Aiming: Pain (safe; 1% risk of failure)
Press: ? - help, Shift-Dir - straight line, f/p - adder
Aim: an adder (black smoke, almost dead, inner flame, chance to defeat MR: 86%)
The adder writhes in agony.
The adder explodes!
The fiery explosion engulfs the orc!!
The orc explodes!
You hear an explosion! x4
You feel a bit more experienced.
The fiery explosion engulfs the orc!!!
The orc explodes!
The fiery explosion engulfs the ogre!!
The ogre explodes!
The fiery explosion engulfs you!!!
Ouch! That really hurt!
You die...

###### #### .....#
#..#
.....#####..######
.Soo........So§§@#
.######<....oo§§##
## #%.##.##### #
###.###.#####.
#...o[.o......#
....[#.###........
......... #..$.....
.....S... S........
...................


There were no monsters in sight!

Vanquished Creatures
  A hound (D:4)
  An adder (D:4)
  3 worms (D:2)
  A dart slug (D:1)
  An orc (D:4)
  2 giant cockroaches (D:1)
  4 goblins
  3 hobgoblins
  2 jackals (D:1)
  4 kobolds
  6 bats
  2 frilled lizards (D:1)
  6 rats
36 creatures vanquished.

Vanquished Creatures (collateral kills)
  An ooze (D:1)
  A rat (D:1)
2 creatures vanquished.

Vanquished Creatures (others)
  5 toadstools (D:1)
5 creatures vanquished.

Grand Total: 43 creatures vanquished

Notes
Turn   | Place    | Note
-------+----------+-------------------------------------------
     0 | D:1      | Bombadil the Vampire Necromancer began the quest for the
                  | Orb.
     0 | D:1      | Reached XP level 1. HP: 13/13 MP: 3/3
    14 | D:1      | Learned a level 1 spell: Animate Skeleton
   195 | D:1      | Reached XP level 2. HP: 18/19 MP: 1/5
   686 | D:1      | Reached XP level 3. HP: 23/24 MP: 1/7
   855 | D:2      | Learned a level 3 spell: Regeneration
  1089 | D:2      | Noticed Sigmund
  1125 | D:2      | Reached skill level 5 in Necromancy
  1286 | D:3      | Noticed Ijyb
  1377 | D:4      | Noticed an ogre
  1401 | D:4      | Reached XP level 4. HP: 6/30 MP: 1/8
  1421 | D:4      | Killed an ogre
  1421 | D:4      | Killed from afar by an ogre

Levels and vault maps discovered:
D:1:      ldierk_walled_garden, layout_rooms, interstate_on_off
D:2:      layout_loops_ring, kennysheep_small_spiral, uniq_sigmund
D:3:      layout_loops_ring, minmay_cut_off, uniq_ijyb
D:4:      layout_rooms, chequers_temple_overflow_minitemple,
          kennysheep_little_box, first_ration, kennysheep_potato, uniq_natasha

Skill      XL: |  1  2  3 |
---------------+----------+-----
Necromancy     | 5 |  5.4
Spellcasting   | 3 |  3.0
Dodging        | |  2.8
Stealth        | |  3.0

Action                   |  1- 3 |  4- 6 || total
-------------------------+-------+-------++-------
Melee: Unarmed           |     1 |       ||     1
 Cast: Pain              |    74 |     3 ||    77
       Animate Skeleton  |    15 |       ||    15
  Use: Scroll            |       |     5 ||     5
       Potion            |       |     4 ||     4
Armor: Robe              |     6 |     1 ||     7
Dodge: Dodged            |    27 |    17 ||    44
